 Dungeon Crawl Stone Soup version 0.26-a0-259-g1effd001a9 (webtiles) character file.

Game seed: 9876116045538526906

52 drasked the Chucker (level 3, 0/33 HPs)
             Began as an Ogre Arcane Marksman on July 27, 2020.
             Slain by a bullfrog skeleton (4 damage)
             ... on level 3 of the Dungeon.
             The game lasted 00:07:13 (3301 turns).

drasked the Chucker (Ogre Arcane Marksman)          Turns: 3301, Time: 00:07:14

Health: 0/33       AC:  3    Str: 15    XL:     3   Next: 85%
Magic:  4/4        EV: 10    Int: 14    God:
Gold:   104        SH:  0    Dex:  9    Spells: 3/4 levels left

rFire    . . .     SeeInvis .   h - -1 whip (curse)
rCold    . . .     Faith    .   (no shield)
rNeg     . . .     Spirit   .   a - +0 robe
rPois    .         Reflect  .   (helmet restricted)
rElec    .         Harm     .   (no cloak)
rCorr    .                      (gloves unavailable)
MR       .....                  (boots unavailable)
Stlth    ..........             (no amulet)
HPRegen  0.11/turn              f - ring of attention (curse)
MPRegen  0.09/turn              (no ring)

@: no status effects
A: large, unfitting armour, tough skin 1
a: no special abilities


You were on level 3 of the Dungeon.
You were not hungry.

You visited 1 branch of the dungeon, and saw 3 of its levels.

You collected 104 gold pieces.

Inventory:

Hand Weapons
 b - a +0 club
   (You took it off a hobgoblin on level 1 of the Dungeon)
 h - a cursed -1 whip (weapon)
   (You found it on level 1 of the Dungeon)
Missiles
 c - 4 large rocks (quivered) {!d!d}
 d - 2 throwing nets {=f, !d=f}
 Q - 36 stones
Armour
 a - a +0 robe (worn)
Jewellery
 f - a cursed ring of attention (left hand)
   (You found it on level 1 of the Dungeon)
Scrolls
 t - 5 scrolls of teleportation
Potions
 i - a potion of cancellation {unknown}
 j - 2 potions of stabbing
 k - a potion of might {unknown}
 m - a potion of resistance {unknown}
 n - a potion of invisibility {unknown}
 q - a potion of curing
Comestibles
 e - 4 rations


   Skills:
 - Level 1.3 Fighting
 * Level 0.1 Maces & Flails
 + Level 4.0 Throwing
 - Level 1.7 Dodging
 - Level 1.2 Spellcasting
 - Level 2.6 Hexes


You had 3 spell levels left.
You knew the following spells:

 Your Spells              Type           Power        Failure   Level
v - Corona                Hex            #......      9%          1

Your spell library contained the following spells:

 Spells                   Type           Power        Failure   Level
 Slow                     Hex            #.......     13%         2
 Inner Flame              Hex/Fire       #.......     41%         3
 Portal Projectile        Hex/Tloc       #.....       41%         3
 Cause Fear               Hex            #.........   65%         4
 Leda's Liquefaction      Hex/Erth       #.........   83%         4


Dungeon Overview and Level Annotations

Branches:
Dungeon (3/15)

Altars:

Annotations:
D:2 Sigmund


Innate Abilities, Weirdness & Mutations

You are too large for most types of armour.
You have tough skin. (AC +1)


Message History

You barely miss the adder.
You feel sick. The adder closely misses you.
You hit the adder.
You feel sick. The adder barely misses you. The adder bites you.
* * * LOW HITPOINT WARNING * * *
You closely miss the adder.
You feel sick. The adder closely misses you.
You hit the adder.
You feel sick. The adder barely misses you.
You miss the adder. The adder closely misses you. The adder bites you.
* * * LOW HITPOINT WARNING * * *
You are more poisoned.
The adder poisons you!
You feel much better.
You feel sick. The adder bites you.
You hit the adder but do no damage.
You feel sick. The adder bites you.
You are more poisoned.
The adder poisons you!
You barely miss the adder.
You feel sick. The adder bites you but does no damage. The adder bites you.
You are more poisoned.
The adder poisons you!
You miss the adder.
You feel sick. The adder barely misses you.
You miss the adder.
You feel sick.
The adder bites you but does no damage. x2
You barely miss the adder.
You feel sick. The adder bites you.
* * * LOW HITPOINT WARNING * * *
You closely miss the adder.
* * * LOW HITPOINT WARNING * * *
You feel sick. The adder closely misses you. The adder bites you.
* * * LOW HITPOINT WARNING * * *
You closely miss the adder.
* * * LOW HITPOINT WARNING * * *
You feel sick. The adder bites you.
* * * LOW HITPOINT WARNING * * *
It was a potion of curing.
You feel better.
q - a potion of curing The adder bites you.
* * * LOW HITPOINT WARNING * * *
You closely miss the adder. The adder bites you but does no damage.
The adder bites you.
* * * LOW HITPOINT WARNING * * *
You barely miss the adder. The adder completely misses you.
You barely miss the adder. The adder bites you.
* * * LOW HITPOINT WARNING * * *
The adder bites you.
* * * LOW HITPOINT WARNING * * *
You are lethally poisoned!
The adder poisons you!
You feel much better.
You feel sick. The adder closely misses you.
You hit the adder but do no damage. The adder bites you.
You hit the adder.
You feel sick. The adder barely misses you. x2
You barely miss the adder. The adder bites you but does no damage.
You hit the adder.
You kill the adder!
Your Throwing skill increases to level 4!
You feel sick.
c - 3 large rocks {!d!d}
c - 4 large rocks {!d!d} (gained 1)
You feel sick.
You start resting.
You feel sick. x2
You are no longer poisoned.
You start resting.
You now have 90 gold pieces (gained 8).
You now have 104 gold pieces (gained 14).
An orc and a skeleton come into view.
The orc shouts!
You hear a shout!
An orc priest comes into view. It is wielding a +0 club.
The bullfrog skeleton hits you. The bullfrog skeleton hits you.
You barely miss the bullfrog skeleton.
The bullfrog skeleton barely misses you.
You hit the bullfrog skeleton but do no damage.
The bullfrog skeleton hits you.
The bullfrog skeleton closely misses you.
You hit the bullfrog skeleton.
The bullfrog skeleton barely misses you.
You hit the bullfrog skeleton.
The bullfrog skeleton barely misses you.
You completely miss the orc. You hit the orc but do no damage.
The orc hits you but does no damage.
You closely miss the orc. The orc hits you with a +0 club.
You barely miss the orc. The orc hits you with a +0 club.
* * * LOW HITPOINT WARNING * * *
You hit the orc. The orc hits you with a +0 club.
* * * LOW HITPOINT WARNING * * *
You hit the orc but do no damage. The orc closely misses you.
You hit the orc but do no damage. The orc hits you with a +0 club.
* * * LOW HITPOINT WARNING * * *
You hit the orc.
You kill the orc!
You hit the bullfrog skeleton.
The bullfrog skeleton hits you but does no damage.
An orc comes into view. It is wielding a +0 whip.
The bullfrog skeleton hits you but does no damage.
You hit the bullfrog skeleton. The bullfrog skeleton hits you.
* * * LOW HITPOINT WARNING * * *
You hit the bullfrog skeleton but do no damage.
The bullfrog skeleton hits you.
* * * LOW HITPOINT WARNING * * *
The bullfrog skeleton hits you.
* * * LOW HITPOINT WARNING * * *
You barely miss the bullfrog skeleton. The bullfrog skeleton hits you.
You die...

#.###o# #.# #.#
#.# #.# #.# #.#
#.# #.#
###########.###.#
#...............#
#.#.#.#####.#####
#.......@Zo.#
#.#.#.#######
#.....# #.#.###
#.#.# #.#.#
#######.#.#
..........#
#######.###


You could see an orc and a bullfrog skeleton.

Levels and vault maps discovered:
D:1:      dpeg_arrival_rhombus, layout_basic, minmay_close_crescents
D:2:      layout_basic, uniq_sigmund
D:3:      layout_loops_ring, first_ration, okawaru_altar_gauntlet_db

Notes
Turn   | Place    | Note
-------+----------+-------------------------------------------
     0 | D:1      | drasked the Ogre Arcane Marksman began the quest for the
                  | Orb.
     0 | D:1      | Reached XP level 1. HP: 19/19 MP: 2/2
    68 | D:1      | HP: 4/19 [hobgoblin (5)]
   452 | D:1      | Identified a ring of attention (You found it on level 1 of
                  | the Dungeon)
   453 | D:1      | Identified 3 scrolls of teleportation
   811 | D:1      | Identified a +0 club
   827 | D:1      | Reached XP level 2. HP: 21/27 MP: 3/3
  1319 | D:1      | Reached skill level 3 in Throwing
  1529 | D:1      | Identified a cursed -2 whip (You found it on level 1 of the
                  | Dungeon)
  1537 | D:1      | Identified a cursed -2 club
  1537 | D:1      | Identified a +0 dagger
  1552 | D:1      | Reached XP level 3. HP: 25/33 MP: 4/4
  1997 | D:1      | Identified a +0 club
  2285 | D:2      | Identified a +0 club
  2405 | D:2      | Identified a +0 club
  2546 | D:2      | Identified a +1 scythe of protection
  2546 | D:2      | Identified a +0 robe
  2546 | D:2      | Noticed Sigmund
  2596 | D:1      | Identified 3 scrolls of noise
  2597 | D:1      | Identified 2 scrolls of identify
  2597 | D:1      | Identified 2 potions of stabbing
  2598 | D:1      | Identified 2 potions of heal wounds
  2930 | D:3      | Identified a scroll of enchant weapon
  3082 | D:3      | HP: 5/33 [adder (5)]
  3090 | D:3      | HP: 7/33 [adder (3)]
  3091 | D:3      | Identified 2 potions of curing
  3094 | D:3      | HP: 3/33 [adder (5)]
  3099 | D:3      | Reached skill level 4 in Throwing
  3271 | D:3      | Identified a +0 club
  3271 | D:3      | Identified a +0 leather armour
  3271 | D:3      | Identified a +0 club
  3271 | D:3      | Identified a +0 ring mail
  3298 | D:3      | Identified a +0 whip
  3300 | D:3      | HP: 6/33 [bullfrog skeleton (4)]
  3301 | D:3      | Slain by a bullfrog skeleton

Table legend:
 A = Turns spent in this place as a percentage of turns spent in the entire game.
 B = Non-inter-level travel turns spent in this place as a percentage of non-inter-level travel turns spent in the entire game.
 C = Inter-level travel turns spent in this place as a percentage of turns spent in this place.
 D = Turns resting spent in this place as a percentage of non-inter-level travel turns spent in this place.
 E = Turns spent auto-exploring this place as a percentage of non-inter-level travel turns spent in this place.
 F = Non-inter-level travel turns spent in this place divided by the number of levels of this place that you've seen.
                   A       B       C       D       E      F
               +-------+-------+-------+-------+-------+----------------------
         Total | 100.0 | 100.0 |   3.8 |  39.5 |  42.6 | 1058.3
       Dungeon | 100.0 | 100.0 |   3.8 |  39.5 |  42.6 | 1058.3
               +-------+-------+-------+-------+-------+----------------------

Table legend:
 A = Kills in this place as a percentage of kills in entire the game.
 B = Kills by you in this place as a percentage of kills by you in the entire game.
 C = Kills by friends in this place as a percentage of kills by friends in the entire game.
 D = Other kills in this place as a percentage of other kills in the entire game.
 E = Experience gained in this place as a percentage of experience gained in the entire game.
 F = Experience gained in this place divided by the number of levels of this place that you have seen.
                   A       B       C       D       E      F
               +-------+-------+-------+-------+-------+----------------------
         Total | 100.0 | 100.0 |   N/A |   N/A | 100.0 |  25.0
       Dungeon | 100.0 | 100.0 |   N/A |   N/A | 100.0 |  25.0
               +-------+-------+-------+-------+-------+----------------------

Skill      XL: |  1  2  3 |
---------------+----------+-----
Throwing       | 3 4 |  4.0
Fighting       | |  1.3
Maces & Flails | |  0.1
Dodging        | |  1.7
Spellcasting   | |  1.2
Hexes          | |  2.6

Action                   || total
-------------------------++-------
Melee: Unarmed           ||    47
       Club              ||    51
       Whip              ||   132
Throw: Large rock        ||     9
       Stone             ||    29
  Use: Scroll            ||     5
       Potion            ||     3
  Eat: Ration            ||     2
Armor: Robe              ||    78
Dodge: Dodged            ||   134

Vanquished Creatures
  An adder (D:3)
  An ooze (D:1)
  2 dart slugs (D:1)
  A leopard gecko (D:1)
  An orc (D:3)
  A giant cockroach (D:2)
  2 goblins
  5 hobgoblins
  5 jackals (D:1)
  2 ball pythons
  2 bats
  3 frilled lizards
  7 rats
33 creatures vanquished.
